 Dungeon Crawl Stone Soup version 0.31.0-9-g3a7656b989 (webtiles) character file.

Game seed: 17777953939513187348

78736 iamserjio the Warrior (level 15, -2/130 HPs)
             Began as a Human Delver on Jan 27, 2024.
             Was a High Priest of Nemelex Xobeh.
             Slain by an ogre
             ... wielding a +0 giant spiked club
             ... led by Lodul
              (10 damage)
             ... while petrified by a basilisk
             ... on level 13 of the Dungeon.
             The game lasted 01:19:53 (39560 turns).

iamserjio the Warrior (Human Delver)               Turns: 39560, Time: 01:19:53

Health: -2/130     AC: 13    Str: 14    XL:     15   Next: 61%
Magic:  24/24      EV: -1    Int: 12    God:    Nemelex Xobeh [*****.]
Gold:   2174       SH:  0    Dex: 19    Spells: 10/14 levels left

rFire   . . .        W - +5 scimitar (vamp)
rCold   + + .        w - +1 buckler {rC+}
rNeg    + + +        H - +3 leather armour {Will+}
rPois   ∞            m - +2 helmet
rElec   .            (no cloak)
rCorr   .            T - +3 Mad Mage's Maulers {Infuse+∞ VampMP -Cast}
SInv    .            (no boots)
Will    ++...        (no amulet)
Stlth   +++          I - +5 ring of evasion
HPRegen 0.41/turn    X - ring of protection from cold
MPRegen 0.19/turn

%: no spellcasting, infuse magic (24 MP)
@: petrified, constricted
A: explore regen
a: Renounce Religion, Draw Escape, Draw Destruction, Draw Summoning, Triple
Draw, Deal Four, Stack Five


You were on level 13 of the Dungeon.
You worshipped Nemelex Xobeh.
Nemelex Xobeh was extremely pleased with you.
You visited 2 branches of the dungeon, and saw 18 of its levels.
You also visited: Bailey and Ice Cave.

You collected 2174 gold pieces.

Inventory:

Hand Weapons
 h - a +1 triple sword of electrocution
 F - the +8 falchion of Wu Jian's Castigation {flame, rC- rN+ Str+4}
   (You took it off an orc on level 3 of the Dungeon)

   Str+4:     It affects your strength (+4).
   rC-:       It makes you vulnerable to cold.
   rN+:       It protects you from negative energy.
 G - the +5 short sword "Nieh Yrph" {flame, rC+ Will+ Str+3 Dex+3}
   (You found it on level 4 of the Lair of Beasts)

   Str+3:     It affects your strength (+3).
   Dex+3:     It affects your dexterity (+3).
   rC+:       It protects you from cold.
   Will+:     It increases your willpower.
 W - a +5 vampiric scimitar (weapon)
Armour
 a - a +0 troll leather armour
 m - a +2 helmet (worn)
 u - a +2 crystal plate armour of cold resistance
 v - +0 swamp dragon scales
 w - a +1 buckler of cold resistance (worn)
 y - a +2 scale mail of cold resistance
 H - a +3 leather armour of willpower (worn)
 T - the +3 Mad Mage's Maulers (worn) {Infuse+∞ VampMP -Cast}
   (You acquired it in a bailey)

   Infuse+∞: It empowers its wearer's blows with all of their magic.
   VampMP:    Blows struck in melee replenish the wearer's magic.
   -Cast:     It prevents spellcasting.
Jewellery
 e - a +6 ring of intelligence
 i - the ring of the King {rPois rN+ rCorr MP+9 Dex-2}
   (You found it on level 4 of the Dungeon)

   [ring of positive energy]

   Dex-2:     It affects your dexterity (-2).
   rPois:     It protects you from poison rN+: It protects you from negative
   energy.
   MP+9:      It affects your magic capacity (+9).
   rCorr:     It protects you from acid and corrosion.
 q - a ring of protection from fire
 s - a ring of willpower
 D - a ring of willpower
 I - a +5 ring of evasion (left hand)
 M - a ring of resist corrosion
 X - a ring of protection from cold (right hand)
Wands
 b - a wand of flame (19)
 g - a wand of digging (1) {@v3}
 j - a wand of paralysis (9)
 B - a wand of roots (7)
Scrolls
 c - a scroll of fog
 k - 6 scrolls of teleportation {@r3}
 o - 2 scrolls of immolation
 p - 4 scrolls of blinking {@r4}
 A - 2 scrolls of revelation
 E - a scroll of vulnerability
 J - a scroll of poison
 L - a scroll of enchant armour
 N - 2 scrolls of torment
 P - 2 scrolls of silence
Potions
 d - 6 potions of heal wounds {@q2}
 f - a potion of haste {@q4}
 l - 4 potions of berserk rage {unknown}
 r - 2 potions of ambrosia
 t - 2 potions of lignification
 x - 3 potions of curing {@q1}
 z - 2 potions of enlightenment
 K - a potion of invisibility
 O - 2 potions of cancellation {unknown}
 Q - a potion of resistance {@q5}
 R - a potion of might {unknown}
 S - 3 potions of attraction {unknown}
 V - 3 potions of mutation {unknown}
 Y - a potion of brilliance {unknown}
Miscellaneous
 n - a condenser vane
 Z - a lightning rod (4/4)


   Skills:
 * Level 15.7 Fighting
 - Level 2.0(10.3) Short Blades
 - Level 15.5(15.6) Long Blades
 + Level 12.3 Dodging
 - Level 5.0 Stealth
 * Level 2.1 Shields
 + Level 12.1 Invocations
 - Level 2.0 Evocations


You had 10 spell levels left.
You knew the following spells:

 Your Spells              Type           Power      Damage    Failure   Level
a - Passage of Golubria   Tloc           0%         N/A       99%         4

Your spell library contained the following spells:

 Spells                   Type           Power      Damage    Failure   Level
 Freeze                   Ice            0%         1d3       50%         1
 Necrotise                Necr           0%         1d4       50%         1
 Static Discharge         Conj/Air       0%         3-3/arc   65%         2
 Sublimation of Blood     Necr           0%         N/A       65%         2
 Frozen Ramparts          Ice            0%         1d1       86%         3
 Hailstorm                Conj/Ice       0%         3d5       86%         3
 Vampiric Draining        Necr           0%         2d6       86%         3
 Volatile Blastmotes      Fire/Tloc      0%         2d10      86%         3
 Airstrike                Air            0%         2d(0-16)  99%         4
 Anguish                  Hex/Necr       0%         N/A       99%         4
 Fulminant Prism          Conj/Alch      0%         3d5       99%         4
 Iskenderun's Mystic Bla  Conj/Tloc      0%         2d3       99%         4
 Leda's Liquefaction      Alch/Erth      0%         N/A       99%         4
 Martyr's Knell           Necr/Summ      0%         N/A       99%         4
 Petrify                  Alch/Erth      0%         N/A       99%         4
 Summon Lightning Spire   Summ/Air       0%         N/A       99%         4
 Curse of Agony           Necr           0%         N/A       100%        5
 Irradiate                Conj/Alch      0%         3d11      100%        5
 Metabolic Englaciation   Hex/Ice        0%         N/A       100%        5
 Silence                  Hex/Air        0%         N/A       100%        5
 Lehudib's Crystal Spear  Conj/Erth      0%         10d2      100%        8
 Death's Door             Necr           0%         N/A       100%        9


Dungeon Overview and Level Annotations

Branches:
Dungeon (13/15)            Temple (0/1) D:4            Lair (5/5) D:9
  Swamp (0/4) Lair:2        Snake (0/4) Lair:3        Slime (0/5) Lair:4
    Orc (0/2) D:11         Bailey (visited)           IceCv (visited)
 Vaults: D:13-14

Altars:
Cheibriados
Hepliaklqana
Nemelex Xobeh
Uskayaw
Xom
Zin

Shops:
D:1 :   D:9 :   D:11 [

Annotations:
D:10 4 runed translucent doors


Innate Abilities, Weirdness & Mutations

You regain HP and MP as you explore.


Message History

The ogre hits you with a +0 giant spiked club!!
The skeletal warrior hits you with a +0 dire flail.
The troll bites you but does no damage. The troll claws you.
The troll claws you but does no damage.
The ogre hits you with a +0 giant club!!
The ogre hits you with a +0 giant spiked club!
The troll completely misses you. x2; The troll claws you!
The skeletal warrior hits you with a +0 dire flail!!
* * * LOW HITPOINT WARNING * * *
The skeletal warrior hits you with a +0 dire flail!
* * * LOW HITPOINT WARNING * * *
The ogre hits you but does no damage. The ogre hits you with a +0 giant club!
* * * LOW HITPOINT WARNING * * *
The troll bites you but does no damage. The troll claws you.
* * * LOW HITPOINT WARNING * * *
The troll claws you.
* * * LOW HITPOINT WARNING * * *
The ogre hits you with a +0 giant spiked club!!
* * * LOW HITPOINT WARNING * * *
The ogre hits you with a +0 giant spiked club!
* * * LOW HITPOINT WARNING * * *
The skeletal warrior hits you with a +0 dire flail!
* * * LOW HITPOINT WARNING * * *
The troll bites you!
* * * LOW HITPOINT WARNING * * *
The troll claws you but does no damage. The troll claws you.
* * * LOW HITPOINT WARNING * * *
An ogre comes into view. It is wielding a +0 giant club.
The naga hits you.
* * * LOW HITPOINT WARNING * * *
The naga grabs you. The naga constricts you.
* * * LOW HITPOINT WARNING * * *
The ogre hits you with a +0 giant club!
* * * LOW HITPOINT WARNING * * *
The ogre completely misses you.
The ogre hits you with a +0 giant spiked club.
* * * LOW HITPOINT WARNING * * *
The ogre hits you with a +0 giant spiked club!!
You die...
Your body glows slightly and disappears.

******,,,****** *,,,,,,
*,***,*,*** *,,,,,,
*,,,*,,,,,* *,,,,,,
***,*####,* ****+***
*,,,...,* **,,,,*
**,,O.##* *,,****
#######OO### **+*******
#.....OOO..# *,,,,,,,,,
#.....z@OO.# *,,,,,,,,,
#......TN..#***,,,,,,,,,
#..........+,**,,,,,,,,,
#..........#,,+,,,,,,,,,
#..........#***,,,,,,,>,
#..........# *,,,,,,,,,
#..........# *,,,,,,,,,
#..........# *,,,,,,,,,
*,,,,,,,,,,* *,,,,,,,,,


You could see a skeletal warrior, a troll, a naga and 8 ogres.

Vanquished Creatures
  Rupert (Lair:5)
  A frost giant (IceCv)
  An orc warlord (Bailey)
  A minotaur (Lair:2)
  Snorg (Lair:3)
  2 hydras
  3 catoblepae (Lair:5)
  A centaur warrior (D:13)
  7 two-headed ogres
  19 death yaks
  5 boulder beetles
  A skyshark (Lair:5)
  2 skeletal warriors
  A swamp dragon (Lair:2)
  A deep elf pyromancer (D:10)
  3 manticores
  An oklob plant (Lair:3)
  An ugly thing (D:10)
  3 cyclopes
  A meliai (D:10)
  6 elephants
  An ice statue (IceCv)
  5 centaur zombies (D:11)
  3 torpor snails
  5 black mambas
  3 kobold demonologists (D:11)
  2 gargoyles
  5 cane toads
  4 rime drakes
  Maggie (Lair:1)
  13 komodo dragons
  2 unseen horrors (D:12)
  6 trolls
  15 polar bears
  2 hornets
  3 blink frogs (Lair:4)
  9 dream sheep
  A centaur simulacrum (D:10)
  10 wraiths
  9 wyverns
  4 shadows
  66 yaks
  Grum (D:8)
  11 vampire mosquitoes
  A steam dragon (shapeshifter) (D:10)
  6 vampires
  A basilisk (Lair:4)
  Eustachio (D:5)
  2 acid dragons (D:8)
  4 nagas (Lair:3)
  5 water moccasins
  7 orc warriors
  3 black bears
  An ice beast (D:5)
  A sky beast (D:8)
  21 wolves
  4 phantoms
  9 centaurs
  9 kobold brigands
  9 bullfrogs
  8 wights
  A scorpion (D:5)
  8 killer bees (D:9)
  3 howler monkeys
  4 electric eels (D:9)
  5 orc priests
  2 gnoll boudas
  6 hounds
  2 jellies
  Jessica (D:2)
  An iguana (D:5)
  A sleepcap (D:7)
  Natasha (thrice) (D:2)
  8 orc wizards
  A howler monkey zombie (D:11)
  4 gnolls (D:8)
  3 adders
  2 shadow imps (D:6)
  A howler monkey simulacrum (D:10)
  A white imp (D:6)
  4 ufetubi (D:6)
  3 ribbon worms
  6 dart slugs
  32 orcs
  4 endoplasms
  2 giant cockroaches
  15 goblins
  7 hobgoblins
  2 jackals (D:3)
  33 kobolds
  3 quokkas
  10 ball pythons
  11 bats
  6 frilled lizards
  4 rats
534 creatures vanquished.

Vanquished Creatures (collateral kills)
  An entropy weaver (Lair:5)
  An ugly thing (D:9)
  A polar bear (Lair:5)
  A water moccasin (D:7)
  A sky beast (D:7)
  4 wights (D:7)
  2 howler monkeys (D:7)
  A jelly (D:7)
  4 orc priests (D:7)
  A sleepcap (D:7)
  An iguana (D:7)
  2 ufetubi (D:7)
  4 orcs (D:7)
  A jackal (Lair:5)
25 creatures vanquished.

Vanquished Creatures (others)
  A cyclops (D:11)
  A troll (D:11)
  A yak (D:11)
  A goblin (Bailey)
4 creatures vanquished.

Grand Total: 563 creatures vanquished

Notes
Turn   | Place    | Note
-------+----------+-------------------------------------------
     0 | D:5      | iamserjio the Human Delver began the quest for the Orb.
     0 | D:5      | Reached XP level 1. HP: 18/18 MP: 1/1
   105 | D:4      | Noticed a phantom
   144 | D:4      | Identified the ring of the King {rPois rN+ rCorr MP+9
                  | Dex-2}
   323 | D:4      | Noticed a hound
   365 | D:4      | Noticed a phantom
   546 | D:3      | Noticed a jelly
   594 | D:2      | Reached XP level 2. HP: 24/24 MP: 2/2
   666 | D:2      | Found a sparkling altar of Nemelex Xobeh.
   674 | D:2      | Noticed Natasha
   716 | D:2      | Became a worshipper of Nemelex Xobeh the Trickster
   796 | D:1      | Got Kikubaaqudgha's Almanac of Malignant Magicks
   894 | D:1      | Found Koqot's Book Shoppe.
   949 | D:1      | Reached skill level 1 in Invocations
  1001 | D:1      | Reached XP level 3. HP: 30/30 MP: 2/4
  1434 | D:1      | Found a faded altar of an unknown god.
  1827 | D:2      | Reached * piety under Nemelex Xobeh
  2082 | D:2      | Received a gift from Nemelex Xobeh
  2136 | D:2      | Reached skill level 1 in Long Blades
  2166 | D:2      | Reached XP level 4. HP: 27/37 MP: 5/5
  2261 | D:2      | Noticed Jessica
  2273 | D:2      | Killed Jessica
  3078 | D:3      | Reached XP level 5. HP: 42/42 MP: 7/7
  3211 | D:3      | Identified the +8 falchion of Wu Jian's Castigation {flame,
                  | rC- rN+ Str+4}
  3806 | D:4      | Killed a phantom
  3986 | D:4      | Killed a phantom
  3987 | D:4      | Reached XP level 6. HP: 42/48 MP: 8/8
  4146 | D:4      | Reached ** piety under Nemelex Xobeh
  4159 | D:4      | Found a staircase to the Ecumenical Temple.
  4304 | D:5      | Noticed a black bear
  4349 | D:5      | Killed a black bear
  4350 | D:5      | Reached skill level 5 in Long Blades
  4350 | D:5      | Reached XP level 7. HP: 49/54 MP: 10/10
  4387 | D:5      | Noticed Eustachio
  4776 | D:2      | Killed Natasha
  4792 | D:2      | Found a sparkling altar of Nemelex Xobeh.
  4846 | D:2      | Noticed Natasha
  4858 | D:2      | Killed Natasha
  5232 | D:2      | Noticed Natasha
  5238 | D:2      | Killed Natasha
  5653 | D:6      | Received a gift from Nemelex Xobeh
  6244 | D:6      | Reached skill level 5 in Invocations
  6437 | D:6      | Reached XP level 8. HP: 56/60 MP: 10/12
  7885 | D:7      | Reached XP level 9. HP: 38/67 MP: 14/14
  7887 | D:7      | Reached skill level 5 in Fighting
  8120 | D:7      | Found a hazy altar of Hepliaklqana.
  8225 | D:8      | Reached *** piety under Nemelex Xobeh
  8412 | D:7      | Learned a level 4 spell: Passage of Golubria
  8468 | D:8      | Received a gift from Nemelex Xobeh
  9216 | D:8      | Noticed a komodo dragon
  9332 | D:8      | Reached skill level 10 in Long Blades
  9631 | D:5      | Reached XP level 10. HP: 77/77 MP: 15/15
  9749 | D:5      | Killed Eustachio
 10547 | D:9      | Noticed a boulder beetle
 10554 | D:9      | Noticed a red ugly thing
 10559 | D:9      | Killed a red ugly thing
 10595 | D:9      | Killed a boulder beetle
 11157 | D:9      | Noticed a two-headed ogre
 11487 | D:10     | Entered Level 10 of the Dungeon
 11487 | D:10     | Noticed a six-headed hydra
 11487 | D:10     | Noticed a two-headed ogre
 11487 | D:10     | Found a runed translucent door.
 11488 | D:10     | Found a flagged portal.
 11489 | D:10     | Noticed a meliai
 11489 | D:10     | Noticed a manticore
 11495 | D:10     | Killed a two-headed ogre
 11496 | D:10     | Reached skill level 5 in Dodging
 11496 | D:10     | Reached skill level 1 in Evocations
 11496 | D:10     | Reached XP level 11. HP: 80/87 MP: 17/17
 11588 | D:10     | Noticed a flayed ghost
 11588 | D:10     | Noticed an ogre mage
 11589 | D:10     | Found a runed translucent door.
 11589 | D:10     | Noticed a manticore
 11589 | D:10     | Noticed a cyclops
 11590 | D:10     | Found a runed translucent door.
 11590 | D:10     | Found a runed translucent door.
 11590 | D:10     | Noticed a red ugly thing
 11591 | D:10     | Noticed a two-headed ogre
 11591 | D:10     | Noticed a cyclops
 11611 | D:10     | Killed a two-headed ogre
 11616 | Bailey   | Entered a bailey
 11621 | Bailey   | Noticed an orc warlord
 11944 | Bailey   | Found a runed translucent gate.
 11946 | Bailey   | Found a runed translucent gate.
 11948 | Bailey   | Found a runed translucent gate.
 12077 | Bailey   | Found a runed translucent gate.
 12078 | Bailey   | Found a runed translucent gate.
 12079 | Bailey   | Found a runed translucent gate.
 12245 | Bailey   | Acquired 424 gold pieces
 12350 | Bailey   | Killed an orc warlord
 12533 | Bailey   | Acquired the +3 Mad Mage's Maulers {Infuse+∞ VampMP -Cast}
 12533 | Bailey   | Found the +3 Mad Mage's Maulers {Infuse+∞ VampMP -Cast}
 12554 | D:10     | Noticed a boulder beetle
 12559 | D:10     | Noticed a deep elf pyromancer
 12561 | D:10     | Killed a boulder beetle
 12564 | D:10     | Killed a manticore
 12787 | D:10     | Killed a cyclops
 12852 | D:10     | Noticed a green ugly thing
 12865 | D:10     | Killed a green ugly thing
 13045 | D:10     | Noticed a two-headed ogre
 13063 | D:10     | Killed a two-headed ogre
 13117 | D:10     | Killed a deep elf pyromancer
 13273 | D:9      | Found Pahav's Book Shoppe.
 13829 | D:9      | Found a snail-covered altar of Cheibriados.
 15286 | D:8      | Noticed Grum
 15339 | D:7      | Reached XP level 12. HP: 90/96 MP: 2/18
 15694 | D:8      | Killed Grum
 16060 | D:9      | Killed a two-headed ogre
 16170 | D:9      | Found a staircase to the Lair.
 16304 | D:10     | Found a glowing silver altar of Zin.
 16346 | Lair:1   | Entered Level 1 of the Lair of Beasts
 16353 | Lair:1   | Received a gift from Nemelex Xobeh
 16555 | Lair:1   | Reached skill level 10 in Fighting
 16829 | Lair:1   | Noticed Maggie
 16875 | Lair:1   | Killed Maggie
 17551 | Lair:1   | Noticed a boulder beetle
 17557 | Lair:1   | Killed a boulder beetle
 19235 | Lair:2   | Reached XP level 13. HP: 89/105 MP: 1/19
 19627 | Lair:2   | Found a staircase to the Swamp.
 19682 | Lair:2   | Reached **** piety under Nemelex Xobeh
 19916 | Lair:2   | Found a runed translucent door.
 20755 | Lair:3   | Noticed Snorg
 20759 | Lair:3   | Killed Snorg
 21154 | Lair:2   | Reached skill level 15 in Long Blades
 21925 | Lair:3   | Found a staircase to the Snake Pit.
 22104 | Lair:3   | Noticed Josephine
 22114 | Lair:3   | Josephine changed into Josephine the black mamba
 22114 | Lair:3   | Noticed Josephine
 22120 | Lair:3   | Killed Josephine the black mamba
 23079 | Lair:3   | Found a hide-covered altar of Uskayaw.
 23274 | Lair:3   | Reached ***** piety under Nemelex Xobeh
 23390 | Lair:3   | Received a gift from Nemelex Xobeh
 23931 | Lair:4   | Identified the +5 short sword "Nieh Yrph" {flame, rC+ Will+
                  | Str+3 Dex+3}
 24971 | Lair:4   | Reached skill level 10 in Dodging
 25488 | Lair:4   | Received a gift from Nemelex Xobeh
 25815 | Lair:4   | Found a staircase to the Slime Pits.
 25893 | Lair:5   | Entered Level 5 of the Lair of Beasts
 26402 | Lair:5   | Reached XP level 14. HP: 116/116 MP: 3/21
 27344 | Lair:5   | Reached skill level 10 in Invocations
 27592 | Lair:5   | Noticed Rupert
 27977 | Lair:5   | Received a gift from Nemelex Xobeh
 28312 | Lair:5   | Killed Rupert
 30714 | D:10     | Found the +7 sceptre of Torment {pain, torment}
 31027 | D:10     | Received a gift from Nemelex Xobeh
 31826 | D:11     | Found a staircase to the Orcish Mines.
 31941 | D:11     | Found Ziwudaets's Armour Shop.
 33041 | D:11     | Received a gift from Nemelex Xobeh
 33425 | D:11     | Reached ****** piety under Nemelex Xobeh
 33722 | D:11     | Reached XP level 15. HP: 127/127 MP: 4/23
 34813 | D:11     | Found a shimmering altar of Xom.
 35982 | D:12     | Reached skill level 15 in Fighting
 36383 | D:12     | Received a gift from Nemelex Xobeh
 37711 | D:13     | Found a frozen archway.
 37721 | IceCv    | Entered an ice cave
 38609 | IceCv    | Noticed a frost giant
 38618 | IceCv    | Killed a frost giant
 38619 | IceCv    | Reached skill level 1 in Shields
 39271 | IceCv    | Received a gift from Nemelex Xobeh
 39560 | D:13     | Slain by an ogre

Illustrated notes

Levels and vault maps discovered:
D:1:      orjb1_lava_funnel, layout_loops_cross, serial_shops,
          nicolae_shop_tiny_real_fake_doors, shapermc_ecumenical_altar_gd,
          chequers_serial_rivers_micro_b
D:2:      layout_basic, basic_altar, uniq_natasha, uniq_jessica
D:3:      layout_basic
D:4:      wander_river, layout_loops_cross, minmay_temple_entry_fiery,
          nicolae_ossuary_entry_false_entrances
D:5:      layout_gridville, uniq_eustachio
D:6:      layout_basic
D:7:      layout_rooms, nicolae_hepliaklqana_hippocampus
D:8:      layout_rooms, serial_rivers, chequers_serial_rivers_micro_b,
          chequers_serial_rivers_small_a, chequers_serial_rivers_micro_a,
          chequers_serial_rivers_marsh, uniq_grum
D:9:      layout_basic, slow_altar_2, erik_lair_island, serial_shops, shop,
          serial_bayou_pond_a, minmay_three_doors
D:10:     minmay_the_grid_four_pointed_star_mashed
          [minmay_the_grid_triangle_9x9_fully_insulated_deathbox,
          minmay_the_grid_triangle_9x9_flanged_cone,
          minmay_the_grid_triangle_9x9_swiss_cheese,
          minmay_the_grid_triangle_9x9_subtriangle,
          minmay_the_grid_prize_trominoes], layout_rooms, zin_scriptorium,
          enter_bailey_5
D:11:     layout_basic, orc_david_3, serial_undead, serial_undead_c,
          serial_undead_b, serial_undead_f, serial_undead_a, serial_undead_b,
          xom_confusion_cloud
D:12:     layout_irregular_city
D:13:     layout_roguey, david_vaults_1, portal_ice_cave_entry_pillars_1,
          uniq_lodul, uniq_azrael
Lair:1:   layout_gridlike, uniq_maggie
Lair:2:   dreamdust_labyrinth, layout_gridlike,
          mainiacjoe_swamp_entry_lozenge_pond
Lair:3:   layout_gridlike, minmay_snake_entry_guardpost_small,
          lemuel_oklob_altar, uniq_snorg, uniq_josephine
Lair:4:   layout_regular_city, dpeg_slime_entry_enclosed, beast_lair_carwin_6
Lair:5:   evilmike_catoblepas_cave, layout_cave_pods, uniq_rupert

Skill      XL: |  1  2  3  4  5  6  7  8  9 10 11 12 13 14 15 |
---------------+----------------------------------------------+-----
Invocations    | 1 2 3 4 5 6 7 9 11 12 | 12.1
Long Blades    | 1 2 3 5 6 8 10 11 12 14 15 | 15.5
Fighting       | 4 6 8 9 10 12 14 15 | 15.7
Dodging        | 4 5 6 8 10 11 12 | 12.3
Evocations     | 1 2 |  2.0
Shields        | 2 |  2.1
Short Blades   | |  2.0
Stealth        | |  5.0

Action                     |  1- 3 |  4- 6 |  7- 9 | 10-12 | 13-15 || total
---------------------------+-------+-------+-------+-------+-------++-------
  Melee: Short sword       |   162 |    35 |       |       |       ||   197
         Punch             |     1 |       |       |    12 |    14 ||    27
         Dagger            |       |    36 |       |       |       ||    36
         Rapier            |       |    11 |       |       |       ||    11
         Falchion          |       |    30 |   186 |   445 |     7 ||   668
         Scimitar          |       |       |       |    35 |   838 ||   873
   Fire: Shortbow          |       |     2 |       |       |       ||     2
  Throw: Dart              |     5 |    18 |    30 |    60 |    17 ||   130
 Invoke: Draw Destruction  |       |     1 |    14 |       |    16 ||    31
         Draw Summoning    |       |       |     2 |     1 |       ||     3
         Draw Escape       |       |       |       |     2 |     1 ||     3
         Deal Four         |       |       |       |       |     1 ||     1
  Evoke: Wand              |       |       |     1 |    11 |     3 ||    15
    Use: Scroll            |     2 |     1 |     5 |    13 |    14 ||    35
         Potion            |       |       |     5 |     3 |     1 ||     9
   Stab: Sleeping          |    16 |     6 |     2 |     4 |     7 ||    35
         Distracted        |       |       |     2 |     2 |     1 ||     5
         Invisible         |       |       |       |     3 |       ||     3
 Armour: Leather armour    |   102 |    51 |     3 |       |   134 ||   290
         Robe              |       |       |    93 |       |       ||    93
         Acid dragon scale |       |       |    11 |   152 |       ||   163
         Troll leather arm |       |       |       |    25 |   145 ||   170
         Skin              |       |       |       |       |     2 ||     2
         Scale mail        |       |       |       |       |    54 ||    54
  Dodge: Dodged            |    89 |    65 |   116 |   340 |   580 ||  1190
  Block: Buckler           |       |       |       |       |    10 ||    10
